 Dungeon Crawl Stone Soup version 0.30-a0-1016-gfb0d676c02 (webtiles) character file.

Game seed: 12515427518872469975

597 riusaldregan the Skirmisher (level 7, -21/59 HPs)
             Began as a Minotaur Hunter on Apr 6, 2023.
             Was an Initiate of Qazlal.
             Killed by an exploding bullfrog (44 damage)
             ... ignited by their inner flame
             ... on level 5 of the Dungeon.
             The game lasted 00:32:05 (3685 turns).

riusaldregan the Skirmisher (Minotaur Hunter)       Turns: 3685, Time: 00:32:05

Health: -21/59     AC:  7    Str: 22    XL:     7   Next: 17%
Magic:  6/6        EV: 18    Int: 10    God:    Qazlal [......]
Gold:   302        SH:  0    Dex: 17    Spells: 6/6 levels left

rFire   . . .      SeeInvis .    c - +1 hand axe (flame)
rCold   . . .      Faith    .    (no shield)
rNeg    . . .      Spirit   .    x - +4 robe of Augmentation {Str+4 Int+4 Dex+4}
rPois   .          Reflect  .    (helmet restricted)
rElec   .          Rampage  .    (no cloak)
rCorr   .                        i - +0 pair of gloves
Will    .....                    (no boots)
Stlth   ++                       (no amulet)
HPRegen 0.29/turn                k - +5 ring of evasion
MPRegen 0.10/turn                n - ring of flight

@: flying
A: horns 2, retaliatory headbutt
a: Renounce Religion


You were on level 5 of the Dungeon.
You worshipped Qazlal.
Qazlal was noncommittal.
You visited 2 branches of the dungeon, and saw 6 of its levels.

You collected 302 gold pieces.

Inventory:

Hand Weapons
 a - a +3 shortbow
 b - a +0 short sword
 c - a +1 hand axe of flaming (weapon)
 d - a +0 falchion
 e - a +0 trident
Armour
 g - a +0 scale mail
 i - a +0 pair of gloves (worn)
 u - a +0 tower shield
 v - a +0 leather armour
 x - the +4 robe of Augmentation (worn) {Str+4 Int+4 Dex+4}
   (You found it on level 4 of the Dungeon)

   Str:       It affects your strength (+4).
   Int:       It affects your intelligence (+4).
   Dex:       It affects your dexterity (+4).
 C - a +0 ring mail of positive energy
Jewellery
 k - a +5 ring of evasion (left hand)
 m - a ring of protection from cold
 n - a ring of flight (right hand)
Scrolls
 f - a scroll of immolation
 p - a scroll of summoning {unknown}
 s - 2 scrolls of teleportation {unknown}
 t - a scroll of noise {unknown}
 y - a scroll of fog {unknown}
 B - a scroll of fear {unknown}
Potions
 h - 2 potions of curing
 j - a potion of might {unknown}
 q - 3 potions of ambrosia
 r - 2 potions of lignification
 w - a potion of invisibility {unknown}
 z - a potion of brilliance {unknown}
 A - 2 potions of cancellation


   Skills:
 + Level 4.0 Fighting
 + Level 0.4 Short Blades
 + Level 1.6 Axes
 + Level 8.1 Ranged Weapons
 + Level 0.1 Throwing
 + Level 2.2 Armour
 + Level 3.0 Dodging
 + Level 1.3 Stealth


You had 6 spell levels left.
You didn't know any spells.
Your spell library contained the following spells:

 Spells                   Type           Power      Damage    Failure   Level
 Sandblast                Erth           0%         2d4       36%         1
 Slow                     Hex            0%         N/A       36%         1
 Passwall                 Tmut/Erth      0%         N/A       50%         2
 Confusing Touch          Hex            0%         N/A       75%         3
 Stone Arrow              Conj/Erth      0%         3d7       75%         3
 Vampiric Draining        Necr           0%         2d6       75%         3


Dungeon Overview and Level Annotations

Branches:
Dungeon (5/15)             Temple (1/1) D:4

Altars:
Ashenzari
Cheibriados
Dithmenos
Elyvilon
Fedhas
Gozag
Hepliaklqana
Kikubaaqudgha
Makhleb
Nemelex Xobeh
Okawaru
Qazlal
Ru
Sif Muna
Trog
Uskayaw
Vehumet
Wu Jian
Xom
Yredelemnul
Zin
The Shining One

Shops:
D:2 :


Innate Abilities, Weirdness & Mutations

You have a pair of horns on your head.
You reflexively headbutt those who attack you in melee.


Message History

A bullfrog comes into view.
Blork the orc struggles against the net.
Fire: a) +3 shortbow
Press: ? - help, Q - select action Shift-Dir - straight line, f/p - Blork the orc
Aim: Blork the orc, wielding a +0 war axe and wearing a +0 robe (almost dead, entangled in a net, 94% to hit)
You shoot an arrow. The bullfrog croaks.
The arrow hits Blork the orc!
You kill Blork the orc!
Qazlal accepts your kill.
Your Fighting skill increases to level 4!
Your Ranged Weapons skill increases to level 8!
Press: ? - help, v - describe, . - travel A rock wall.
Unknown command.
You see here a +0 ring mail.
Menkaure attacks as you move away! Menkaure misses you.
Your +1 hand axe of flaming bursts into flame!
c - a +1 hand axe of flaming (weapon)
Menkaure completely misses you.
As you read the scroll of immolation, it crumbles to dust.
The creatures around you are filled with an inner flame!
Menkaure hits you but does no damage.
You barely miss Menkaure.
Flame seeps out of Menkaure.
You headbutt Menkaure!
Menkaure is heavily damaged.
You hit the bullfrog.
Flame seeps out of the bullfrog.
You burn the bullfrog.
Flame seeps out of the bullfrog.
The bullfrog is engulfed in blazing flames.
Flame seeps out of the bullfrog.
The bullfrog hits you.
Menkaure is engulfed in blazing flames.
Qazlal accepts your kill.
Menkaure explodes!
The fiery explosion engulfs the bullfrog!!!
Qazlal accepts your kill. The fiery explosion engulfs you!!
Ouch! That really hurt!
The bullfrog explodes!
The fiery explosion engulfs you!!!
Ouch! That really hurt!
You die...

...# . #..## ....... ....
.##. ##...##....... # ...#
..#.##.....#....... .. ...
..........MF....... ...##..
.........###........
....#..
........§##................
..#....#§○§.##......##.....
. ##....§○@##........#.....
#...#§#§....###.........
#...###.....#.#.#.#.##.#
#...............#.##...#
#..).....#.........##..#
#.....###..............†
#.....# ##...........#..
#.....# #...........##..
##...## ###.............


There were no monsters in sight!

Vanquished Creatures
  Menkaure (D:5)
  A black bear (D:5)
  2 centaurs (D:5)
  Blork the orc (D:5)
  A bullfrog (D:5)
  A howler monkey (D:5)
  A hound (D:4)
  An orc wizard (D:4)
  An iguana (D:5)
  8 adders
  A white imp (D:5)
  A worm (D:3)
  3 dart slugs
  5 orcs
  3 ball pythons
  8 bats
  4 endoplasms
  3 giant cockroaches
  6 goblins
  5 hobgoblins
  6 jackals
  5 kobolds
  4 quokkas
  3 frilled lizards
  5 rats
80 creatures vanquished.

Notes
Turn   | Place    | Note
-------+----------+-------------------------------------------
     0 | D:1      | riusaldregan the Minotaur Hunter began the quest for the
                  | Orb.
     0 | D:1      | Reached XP level 1. HP: 18/18 MP: 0/0
   349 | D:1      | Reached XP level 2. HP: 25/25 MP: 1/1
   427 | D:1      | Reached skill level 5 in Ranged Weapons
   901 | D:2      | Found Bicakh's Book Shoppe.
   931 | D:2      | Reached XP level 3. HP: 30/30 MP: 2/2
  1435 | D:2      | Reached skill level 1 in Armour
  1758 | D:3      | Reached XP level 4. HP: 16/37 MP: 3/3
  1764 | D:3      | Reached skill level 6 in Ranged Weapons
  2509 | D:4      | Found a staircase to the Ecumenical Temple.
  2547 | Temple   | Entered the Ecumenical Temple
  2784 | D:4      | Found the +4 robe of Augmentation {Str+4 Int+4 Dex+4}
  2886 | D:4      | Found a stormy altar of Qazlal.
  2958 | D:4      | Reached XP level 5. HP: 34/42 MP: 4/4
  3113 | D:4      | Became a worshipper of Qazlal Stormbringer
  3212 | D:5      | Entered Level 5 of the Dungeon
  3238 | D:5      | Found a white marble altar of Elyvilon.
  3255 | D:5      | Found an iron altar of Okawaru.
  3417 | D:5      | Noticed a centaur
  3419 | D:5      | Noticed a centaur
  3422 | D:5      | Killed a centaur
  3423 | D:5      | Reached skill level 7 in Ranged Weapons
  3423 | D:5      | Reached skill level 1 in Stealth
  3423 | D:5      | Reached XP level 6. HP: 51/51 MP: 5/5
  3430 | D:5      | Reached skill level 1 in Axes
  3667 | D:5      | Reached XP level 7. HP: 54/58 MP: 6/6
  3670 | D:5      | Noticed Blork the orc
  3674 | D:5      | Noticed Menkaure
  3678 | D:5      | Killed Blork the orc
  3679 | D:5      | Reached skill level 8 in Ranged Weapons
  3685 | D:5      | Killed Menkaure
  3685 | D:5      | Killed by an exploding bullfrog... ignited by their inner
                  | flame

Illustrated notes

Levels and vault maps discovered:
D:1:      onia_arrival_mini_maze, layout_loops_ring, serial_forest,
          infiniplex_forest_clump_small, infiniplex_forest_corner_2,
          infiniplex_forest_end_1, infiniplex_forest_clump_small,
          infiniplex_forest_straight_4
D:2:      layout_loops_corners, serial_shops, shop, minivault_19
D:3:      layout_basic
D:4:      layout_cave_pools, lemuel_tele_altar, temple_pool_b
D:5:      layout_cave_pools, grunt_temple_overflow_open,
          roderic_serpentine_path, uniq_blork_the_orc, uniq_menkaure
Temple:   nicolae_temple_bog_church

Skill      XL: |  1  2  3  4  5  6  7 |
---------------+----------------------+-----
Ranged Weapons | 5 6 7 8 |  8.1
Armour         | 1 2 |  2.2
Fighting       | 3 4 |  4.0
Stealth        | 1 |  1.3
Axes           | 1 |  1.6
Dodging        | 3 |  3.0
Short Blades   | |  0.4
Throwing       | |  0.1

Action                     |  1- 3 |  4- 6 |  7- 9 || total
---------------------------+-------+-------+-------++-------
  Melee: Short sword       |    34 |    11 |       ||    45
         Headbutt          |     6 |     8 |     1 ||    15
         Hand axe          |       |    29 |     1 ||    30
         Punch             |       |     1 |       ||     1
   Fire: Shortbow          |    62 |    71 |     5 ||   138
  Throw: Throwing net      |       |     1 |     1 ||     2
    Use: Scroll            |       |     4 |     1 ||     5
 Armour: Scale mail        |     3 |       |       ||     3
         Ring mail         |     7 |     3 |       ||    10
         Robe              |       |     9 |     1 ||    10
  Dodge: Dodged            |    49 |    73 |     2 ||   124

Table legend: (Time is in decaauts)
 A = Elapsed time spent in this place.
 B = Non-inter-level travel time spent in this place.
 C = Inter-level travel time spent in this place.
 D = Time resting spent in this place.
 E = Time spent auto-exploring this place.
 F = Levels seen in this place.
 G = Mean time per level.
                   A        B        C        D        E       F      G
               +--------+--------+--------+--------+--------+-----+--------+
         Total |   3708 |   3554 |    154 |    360 |   2327 |   6 |  618.0 |
       Dungeon |   3584 |   3448 |    136 |    360 |   2237 |   5 |  716.8 |
        Temple |    123 |    105 |     18 |      0 |     90 |   1 |  123.0 |
               +--------+--------+--------+--------+--------+-----+--------+

Top non-repeatable levels by time:
     D:1: 873 daAuts
     D:2: 840 daAuts
     D:3: 803 daAuts
     D:4: 593 daAuts
     D:5: 474 daAuts
  Temple: 123 daAuts
